 Dungeon Sprint DCSS version 0.17-a0-1793-gcbb3aa1 (webtiles) character file.

83 nuthulu the Skirmisher (level 4, -5/34 HPs)
             Began as a Gargoyle Fighter on Sept 9, 2015.
             Killed by nerve-wracking pain
             ... invoked by a deep elf priest
              (12 damage)
             ... in the Dungeon (Sprint III: "The Ten Rune Challenge").
             The game lasted 00:01:37 (588 turns).

nuthulu the Skirmisher (Gargoyle Fighter)            Turns: 588, Time: 00:01:37

Health: -5/34      AC: 11    Str: 19    XL:     4   Next: 44%
Magic:  4/4        EV:  7    Int:  9    God:
Gold:   14         SH:  9    Dex:  8    Spells: 0 memorised, 3 levels left

rFire  . . .     SeeInvis .     a - +0 flail
rCold  . . .     Clarity  .     b - +0 scale mail
rNeg   + . .     SustAt   .     c - +0 shield
rPois  ∞         Gourm    .     (no helmet)
rElec  +         Spirit   .     (no cloak)
rCorr  .         Warding  .     (no gloves)
rMut   .         NoTele   +     (no boots)
MR     +....                    (no amulet)
Stlth  ..........               (no ring)
                                (no ring)

@: very slightly contaminated, hasted, very quick, somewhat resistant to hostile
enchantments, extremely unstealthy
A: hooves 1, icy blue scales 1, clumsy 1, magic resistance 1, negative energy
resistance 1, electricity resistance, unbreathing, petrification resistance, rot
immunity, AC +3
a: no special abilities


You were in the Dungeon.
You were not hungry.

You visited 1 branch You collected 14 gold pieces.

Inventory:

Hand weapons
 a - a +0 flail (weapon)
Armour
 b - a +0 scale mail (worn)
 c - a +0 shield (worn)
Scrolls
 k - a scroll of blinking
 l - a scroll of immolation {unknown}
 m - a scroll of identify
 n - a scroll of random uselessness {unknown}
 r - 2 scrolls of holy word {unknown}
 s - a scroll of remove curse {unknown}
Potions
 f - a potion of curing
 h - a potion of haste
 i - 2 potions of magic
 p - 2 potions of cure mutation
 q - 3 potions of flight
Comestibles
 e - a bread ration
 o - a royal jelly
 t - a meat ration


   Skills:
 + Level 7.1 Fighting
 + Level 6.0 Maces & Flails
 - Level 3.5 Armour
 - Level 3.6 Shields


You had 3 spell levels left.
You didn't know any spells.

Dungeon Overview and Level Annotations

Branches:
Dungeon (1/1)

Altars:
Elyvilon
Zin
The Shining One


Innate Abilities, Weirdness & Mutations

You are resistant to torment.
Your stone body is resilient (AC +3).
You are immune to poison.
You resist negative energy.
You are resistant to electric shocks.
You can survive without breathing.
You are immune to petrification.
You are immune to rotting.
You have large cloven feet.
You are partially covered in icy blue scales (AC +1).
You are clumsy. (Dex -2)
You are resistant to hostile enchantments.


Message History

You closely miss the deep elf priest.
The deep elf priest is moderately wounded.
The deep elf priest hits you with a long sword of holy wrath.
* * * LOW HITPOINT WARNING * * *
You closely miss the deep elf priest. Your kick misses the deep elf priest.
The deep elf priest is moderately wounded.
The deep elf priest hits you with a long sword of holy wrath.
* * * LOW HITPOINT WARNING * * *
Unknown command.
Your shield prevents you from hitting the deep elf priest.
The deep elf priest is lightly wounded.
You hit the deep elf priest. Your kick misses the deep elf priest.
The deep elf priest is moderately wounded.
The deep elf priest hits you but does no damage.
You closely miss the deep elf priest.
You kick the deep elf priest, but do no damage.
The deep elf priest is moderately wounded.
The deep elf priest mumbles some strange prayers to its god against you.
Pain shoots through your body!
You die...

▓▓▓▓▓ ▓▓▓ #[..####
##.#####
#......#####..#___#
#.......#..#..#e@.#
##.##...#..#..###'#+###+#
##.###..##'#..#..........
###.##..###...+.⌠........
#..##.÷####...#...######+
...##..###....#.⌠.#
..##...##.....#...#
.##....#......#+###
###..##.#.....#


You could see a deep elf priest.

Vanquished Creatures
  A water elemental (D)
  A human (D)
  A phantom (D)
  4 rats (D)
7 creatures vanquished.

Vanquished Creatures (others)
  2 draconian scorchers (D)
  A yaktaur (D)
  5 plants (D)
8 creatures vanquished.

Grand Total: 15 creatures vanquished

Notes
Turn   | Place    | Note
--------------------------------------------------------------
     0 | D        | nuthulu the Gargoyle Fighter began the quest for the Orb.
     0 | D        | Reached XP level 1. HP: 14/14 MP: 1/1
    88 | D        | Reached skill level 5 in Fighting
    88 | D        | Reached XP level 2. HP: 5/21 MP: 2/2
   135 | D        | Killed a yaktaur
   219 | D        | Killed a white draconian scorcher
   231 | D        | Killed a white draconian scorcher
   317 | D        | Reached XP level 3. HP: 18/26 MP: 3/3
   411 | D        | Gained mutation: You are clumsy. (Dex -2) [potion of mutation]
   411 | D        | Gained mutation: You are resistant to hostile enchantments. [potion of mutation]
   411 | D        | Gained mutation: Your spells are a little harder to cast, but a little more powerful. [potion of mutation]
   412 | D        | Lost mutation: Your spells are a little harder to cast, but a little more powerful. [potion of mutation]
   412 | D        | Gained mutation: You have large cloven feet. [potion of mutation]
   412 | D        | Gained mutation: You are partially covered in icy blue scales (AC +1). [potion of mutation]
   417 | D        | Noticed a water elemental
   427 | D        | Killed a water elemental
   427 | D        | Reached skill level 7 in Fighting
   427 | D        | Reached XP level 4. HP: 24/34 MP: 4/4
   573 | D        | Found a glowing silver altar of Zin.
   573 | D        | Found a glowing golden altar of the Shining One.
   573 | D        | Found a white marble altar of Elyvilon.
   574 | D        | Noticed a deep elf priest
   588 | D        | Killed from afar by a deep elf priest

Vault maps used:
D:        dungeon_sprint_mu

Action                   |  1- 3 |  4- 6 || total
-------------------------+-------+-------++-------
Melee: Flail             |    39 |    11 ||    50
  Use: Potion            |     4 |     2 ||     6
       Scroll            |     2 |       ||     2
